 Dungeon Crawl Stone Soup version 0.32-a0-859-gb0a091d592 (webtiles) character file.

Game seed: 3191162899105110066

61 Jefftoothebobb the Covered (level 3, -1/33 HPs)
             Began as a Mountain Dwarf Fighter on Mar 27, 2024.
             Slain by Pargi (2 damage)
             ... on level 3 of the Dungeon.
             The game lasted 00:06:01 (1898 turns).

Jefftoothebobb the Covered (Mountain Dwarf Fighter) Turns: 1898, Time: 00:06:02

Health: -1/33      AC:  7    Str: 20    XL:     3   Next: 83%
Magic:  3/3        EV:  8    Int:  8    God:
Gold:   158        SH:  4    Dex:  9    Spells: 2/2 levels left

rFire   . . .        a - +0 war axe
rCold   . . .        c - +0 buckler
rNeg    . . .        b - +0 scale mail
rPois   .            (no helmet)
rElec   .            (no cloak)
rCorr   .            (no gloves)
SInv    .            (no boots)
Will    .....        (no amulet) Stlth
                     (no ring)
HPRegen 0.25/turn    (no ring)
MPRegen 0.08/turn

%: no passive effects
@: no status effects
A: runic magic, artefact enchanting
a: no special abilities


You were on level 3 of the Dungeon.
You visited 1 branch of the dungeon, and saw 3 of its levels.

You collected 158 gold pieces.

Inventory:

Hand Weapons
 a - a +0 war axe (weapon)
Missiles
 j - 4 atropa-tipped darts (quivered)
Armour
 b - a +0 scale mail (worn)
 c - a +0 buckler (worn)
Wands
 k - a wand of flame (17)
 p - a wand of digging (4)
Scrolls
 h - a scroll of torment {unknown}
 m - 2 scrolls of teleportation {unknown}
 o - a scroll of fog {unknown}
 q - 2 scrolls of poison {unknown}
 t - a scroll of identify {unknown}
 u - a scroll of vulnerability {unknown}
Potions
 d - a potion of might
 e - a potion of brilliance {unknown}
 f - a potion of lignification {unknown}
 g - a potion of mutation {unknown}
 i - a potion of cancellation {unknown}
 l - a potion of resistance {unknown}
 n - a potion of invisibility {unknown}
 r - a potion of attraction {unknown}
 s - a potion of enlightenment {unknown}


   Skills:
 + Level 3.6 Fighting
 + Level 3.4 Axes
 + Level 3.8 Armour
 + Level 0.3 Dodging
 + Level 0.3 Stealth
 + Level 3.6 Shields


You had 2 spell levels left.
You didn't know any spells.
Your spell library contained the following spells:

 Spells                   Type           Power      Damage    Failure   Level
 Foxfire                  Conj/Fire      0%         2x1d4     56%         1
 Sting                    Conj/Alch      0%         1d3       56%         1
 Jinxbite                 Hex            0%         N/A       71%         2
 Mercury Vapours          Alch/Air       0%         N/A       71%         2
 Inner Flame              Hex/Fire       0%         N/A       91%         3
 Mephitic Cloud           Conj/Alch/Air  0%         N/A       91%         3
 Olgreb's Toxic Radiance  Alch           0%         N/A       100%        4
 Freezing Cloud           Conj/Ice/Air   0%         6-21      100%        5
 Irradiate                Conj/Alch      0%         3d11      100%        5
 Yara's Violent Unravell  Hex/Alch       0%         3d3       100%        5
 Plasma Beam              Fire/Air       0%         2x1d10    100%        6
 Starburst                Conj/Fire      0%         6d3       100%        6
 Enfeeble                 Hex            0%         N/A       100%        7
 Ignition                 Fire           0%         3d3       100%        8


Dungeon Overview and Level Annotations

Branches:
Dungeon (3/15)

Altars:
Cheibriados

Shops:
D:1 (   D:2 =

Annotations:
D:3 Pargi


Innate Abilities, Weirdness & Mutations

Your spellcasting is much less encumbered by armour.
You can use scrolls of enchantment on lesser artefacts.


Message History

Pargi claws you but does no damage.
You closely miss Pargi.
Pargi is lightly wounded.
Pargi closely misses you. Pargi claws you. You block Pargi's attack.
You closely miss Pargi.
Pargi is lightly wounded.
Pargi bites you. Pargi barely misses you. Pargi claws you but does no damage.
Pargi bites you! Pargi claws you but does no damage. x2
You closely miss Pargi.
Pargi is lightly wounded.
Pargi bites you but does no damage. Pargi claws you but does no damage.
Pargi claws you.
You slash Pargi!
Pargi is heavily wounded.
Pargi closely misses you. Pargi claws you. Pargi barely misses you.
You slash Pargi!
Pargi is severely wounded.
Pargi bites you but does no damage. Pargi claws you.
* * * LOW HITPOINT WARNING * * *
Pargi claws you but does no damage. Pargi bites you.
* * * LOW HITPOINT WARNING * * *
Pargi closely misses you. Pargi misses you.
You closely miss Pargi.
Pargi is severely wounded.
You block Pargi's attack. Pargi completely misses you.
Pargi claws you but does no damage.
You barely miss Pargi.
Pargi is severely wounded.
Pargi bites you but does no damage. Pargi closely misses you. Pargi claws you.
* * * LOW HITPOINT WARNING * * *
You block Pargi's attack. Pargi claws you but does no damage. x2
You hit Pargi.
Pargi is severely wounded.
Pargi bites you.
* * * LOW HITPOINT WARNING * * *
Pargi barely misses you. You block Pargi's attack.
You closely miss Pargi.
Pargi is heavily wounded.
Pargi bites you.
You die...

.. #. ..# ##.## ###..#
#.... #....# #
#....#+#..#.#
..#....ß.ß....##########
#...........####........
.#......................
!.....T@$...###.........
............# ##........
............# #........
............####.....###
............##....####
..?#..#######..#.## ..
#..##. #...##.# . .
...##. ##...##...# #.##.
#.. .... # #.###


You could see Pargi.

Vanquished Creatures
  An adder (D:2)
  2 dart slugs (D:2)
  2 ribbon worms (D:2)
  An orc (D:3)
  4 endoplasms
  2 giant cockroaches
  2 goblins
  3 hobgoblins
  A quokka (D:1)
  3 ball pythons (D:2)
  2 bats
  15 frilled lizards
  4 kobolds
  3 rats
45 creatures vanquished.

Notes
Turn   | Place    | Note
-------+----------+-------------------------------------------
     0 | D:1      | Jefftoothebobb the Mountain Dwarf Fighter began the quest
                  | for the Orb.
     0 | D:1      | Reached XP level 1. HP: 19/19 MP: 1/1
   120 | D:1      | Found Isaimeow's Weapon Shop.
   817 | D:2      | Found Kamuiq's Jewellery Shop.
   846 | D:2      | Reached XP level 2. HP: 24/26 MP: 2/2
  1152 | D:2      | Reached XP level 3. HP: 12/31 MP: 3/3
  1620 | D:2      | Found a snail-covered altar of Cheibriados.
  1883 | D:3      | Noticed Pargi
  1897 | D:3      | HP: 1/33 [Pargi (5)]
  1898 | D:3      | Slain by Pargi

Illustrated notes

Levels and vault maps discovered:
D:1:      erik_arrival_orb_chamber, layout_loops_ring, serial_shops, shop,
          minmay_misc_feat_nine_boxes, nicolae_figureground_sparkle
D:2:      layout_basic, basic_altar, serial_shops, shop,
          minmay_misc_feat_more_columns, nicolae_concentric_dashed_squares_wild,
          kennysheep_cross_room, minmay_lizard_king
D:3:      layout_rooms, dreamdust_ecumenical_altar_angels_and_demons,
          pf_guarded_unrand_woodcutter, uniq_pargi

Skill      XL: |  1  2 |
---------------+-------+-----
Axes           | 3 |  3.4
Fighting       | |  3.6
Armour         | |  3.8
Dodging        | |  0.3
Stealth        | |  0.3
Shields        | |  3.6

Action                     || total
---------------------------++-------
  Melee: War axe           ||   172
 Armour: Scale mail        ||   166
  Dodge: Dodged            ||    90
  Block: Buckler           ||    47

Table legend: (Time is in decaauts)
 A = Elapsed time spent in this place.
 B = Non-inter-level travel time spent in this place.
 C = Inter-level travel time spent in this place.
 D = Time resting spent in this place.
 E = Time spent auto-exploring this place.
 F = Levels seen in this place.
 G = Mean time per level.
                   A        B        C        D        E       F      G
               +--------+--------+--------+--------+--------+-----+--------+
         Total |   1963 |   1707 |    256 |      0 |   1326 |   3 |  654.3 |
       Dungeon |   1963 |   1707 |    256 |      0 |   1326 |   3 |  654.3 |
               +--------+--------+--------+--------+--------+-----+--------+

Top non-repeatable levels by time:
     D:2: 954 daAuts
     D:1: 786 daAuts
     D:3: 222 daAuts
